 Dungeon Crawl Stone Soup version 0.22.1-2-g9c5b331383 (webtiles) character file.

3633 Gunterle the Covert (level 9, -15/47 HPs)
             Began as a Spriggan Assassin on Nov 18, 2018.
             Was an Initiate of Gozag.
             Demolished by a slime creature (19 damage)
             ... on level 7 of the Dungeon.
             The game lasted 00:49:55 (8057 turns).

Gunterle the Covert (Spriggan Assassin)             Turns: 8057, Time: 00:49:55

Health: -15/47     AC:  3    Str:  8    XL:     9   Next: 87%
Magic:  13/13      EV: 26    Int: 13    God:    Gozag
Gold:   474        SH:  0    Dex: 19    Spells: 8/8 levels left

rFire    . . .     SeeInvis +   s - +0 hunting sling
rCold    . . .     Gourm    .   (shield restricted)
rNeg     . . .     Faith    .   c - +0 robe
rPois    .         Spirit   .   (helmet restricted)
rElec    .         Reflect  .   d - +0 cloak
rCorr    .         Harm     .   (gloves unavailable)
MR       +....                  (boots unavailable)
Stlth    +++++.....             (no amulet)
HPRegen  0.15/turn              n - ring of flight
MPRegen  0.13/turn              t - +1 ring of evasion

@: very quick
A: very small, unfitting armour, see invisible, herbivore, speed 3, slow
metabolism 2
a: Potion Petition, Call Merchant, Bribe Branch, Renounce Religion, Evoke Flight


You were on level 7 of the Dungeon.
You worshipped Gozag.
Gozag was aware of your devotion.
You were hungry.

You visited 2 branches of the dungeon, and saw 8 of its levels.

You collected 719 gold pieces.
You spent 165 gold pieces at shops.
You paid 80 gold pieces to Gozag.

Inventory:

Hand Weapons
 a - a +2 dagger
 b - a +0 blowgun
 s - a +0 hunting sling (weapon)
Missiles
 e - 17 poisoned needles
 k - 158 stones
 w - a curare-tipped needle
 z - 120 arrows
 A - 10 sling bullets (quivered)
 B - 6 tomahawks
 D - 12 bolts
 H - a throwing net
Armour
 c - a +0 robe (worn)
 d - a +0 cloak (worn)
Jewellery
 n - a ring of flight (left hand)
 t - a +1 ring of evasion (right hand)
Wands
 f - a wand of flame (9)
 F - a wand of enslavement (2)
Scrolls
 j - 3 scrolls of teleportation
 r - 6 scrolls of remove curse
 v - a scroll of magic mapping
 y - a scroll of enchant weapon {unknown}
 E - a scroll of blinking
 G - a scroll of random uselessness {unknown}
Potions
 h - 3 potions of heal wounds
 i - a potion of berserk rage
 l - 3 potions of might
 m - a potion of curing
 o - a potion of cancellation
 p - a potion of invisibility
 q - 2 potions of lignification
 u - 2 potions of mutation
 x - 2 potions of agility
 C - 2 potions of flight
 I - a potion of ambrosia
Comestibles
 g - 11 rations


   Skills:
 + Level 5.2 Fighting
 + Level 7.0 Short Blades
 + Level 6.2 Throwing
 + Level 8.7 Dodging
 + Level 10.9 Stealth
 + Level 5.3 Evocations


You had 8 spell levels left.
You didn't know any spells.
Your spell library contained the following spells:

 Spells                   Type           Power        Failure   Level  Hunger
 Confusing Touch          Hex            #.....       30%         1    ##.....
 Freeze                   Ice            #...         30%         1    ##.....
 Throw Frost              Conj/Ice       #.....       43%         2    ###....
 Confuse                  Hex            #.......     67%         3    ####...
 Gell's Gravitas          Tloc           #.........   67%         3    ####...
 Ozocubu's Armour         Chrm/Ice       #.......     67%         3    ####...
 Petrify                  Tmut/Erth      #.......     97%         4    #####..
 Summon Ice Beast         Ice/Summ       #.......     97%         4    #####..
 Throw Icicle             Conj/Ice       #.......     97%         4    #####..
 Metabolic Englaciation   Hex/Ice        #.........   100%        5    ######.
 Yara's Violent Unravell  Hex/Tmut       #.........   100%        5    ######.


Dungeon Overview and Level Annotations

Branches:
Dungeon (7/15)             Temple (1/1) D:4

Altars:
Ashenzari
Cheibriados
Dithmenos
Elyvilon
Fedhas
Gozag
Hepliaklqana
Makhleb
Nemelex Xobeh
Okawaru
Qazlal
Ru
Sif Muna
Uskayaw
Vehumet
Wu Jian
Xom
Yredelemnul
The Shining One
Lugonu

Shops:
D:5 *   D:7 ![

Annotations:
D:6 2 transporters


Innate Abilities, Weirdness & Mutations

You are very small and have problems with some larger weapons.
You are too small for most types of armour.
You have supernaturally acute eyesight. (SInv)
You are a herbivore.
You cover ground extremely quickly.
You need to consume almost no food.


Message History

Aim: a slime creature (lightly wounded, poisoned)
You shoot a poisoned needle.
The poisoned needle hits the slime creature!
The slime creature looks as sick as possible!
The slime creature is lightly wounded.
Wield which item (- for none, * to show all)? (? for menu, Esc to quit)
s - a +0 hunting sling (weapon)
Firing (i - inventory. (/) - cycle)
A - 12 sling bullets (quivered)
Press: ? - help, Shift-Dir - straight line, f/p - slime creature
Aim: a slime creature (moderately wounded, poisoned)
You shoot a sling bullet.
The sling bullet barely misses the slime creature.
Firing (i - inventory. (/) - cycle)
A - 11 sling bullets (quivered)
Press: ? - help, Shift-Dir - straight line, f/p - slime creature
Aim: a slime creature (moderately wounded, poisoned)
You shoot a sling bullet.
The sling bullet barely misses the slime creature.
The slime creature hits you!!
You die...
Your body crumbles into a pile of gold.

############# .(.(((J.....#
#########.### ########(###
#.......(..# #..........#
#.........J# #..........#
######
#..........###J@..#######
#......_...(.(.##.......###
#..........######.........#
#####.....## #..###......
...##+## #.#.♣ ##.... #.##
##.#... #.. #. #..#♣.... #
#..# .P.... #..# .._P..


You could see a slime creature.

Vanquished Creatures
  A slime creature (D:7)
  Sigmund (D:2)
  A yak (D:7)
  3 hogs (D:6)
  A human (D:7)
  2 sky beasts (D:7)
  2 ice beasts (D:6)
  3 orc warriors
  2 phantoms
  3 ogres
  2 centaurs
  2 bullfrogs
  4 killer bees (D:6)
  A howler monkey (D:6)
  4 crimson imps
  A centaur zombie (D:5)
  8 orc wizards
  2 orc priests
  4 hounds
  A bullfrog skeleton (D:4)
  4 iguanas
  2 worker ants
  A hound skeleton (D:4)
  9 adders
  5 gnolls
  A howler monkey skeleton (D:7)
  3 shadow imps
  2 worms
  A dart slug (D:2)
  7 leopard geckos
  25 orcs
  5 bats
  6 giant cockroaches
  8 goblins
  7 hobgoblins
  8 jackals
  4 kobolds
  4 quokkas
  2 ball pythons
  4 frilled lizards
  A jackal zombie (D:7)
  A leopard gecko skeleton (D:5)
  9 rats
167 creatures vanquished.

Notes
Turn   | Place    | Note
-------+----------+-------------------------------------------
     0 | D:1      | Gunterle the Spriggan Assassin began the quest for the Orb.
     0 | D:1      | Reached XP level 1. HP: 10/10 MP: 2/2
    16 | D:1      | Reached skill level 6 in Stealth
    16 | D:1      | Reached XP level 2. HP: 15/15 MP: 3/3
   461 | D:1      | Reached XP level 3. HP: 15/18 MP: 4/4
  1313 | D:2      | Noticed Sigmund
  1326 | D:2      | Reached XP level 4. HP: 4/23 MP: 5/5
  1959 | D:2      | Killed Sigmund
  1959 | D:2      | Reached skill level 7 in Stealth
  1959 | D:2      | Reached XP level 5. HP: 27/27 MP: 6/6
  1959 | D:2      | Reached XP level 6. HP: 32/32 MP: 7/7
  2274 | D:3      | Found an iron altar of Okawaru.
  2997 | D:4      | Found a staircase to the Ecumenical Temple.
  3006 | Temple   | Entered the Ecumenical Temple
  3252 | D:4      | Reached XP level 7. HP: 5/36 MP: 8/8
  3810 | D:4      | Reached skill level 5 in Dodging
  3810 | D:4      | Reached skill level 8 in Stealth
  3863 | D:4      | Found a blossoming altar of Fedhas.
  3963 | D:5      | Entered Level 5 of the Dungeon
  4208 | D:5      | Reached skill level 5 in Short Blades
  4339 | D:5      | Reached XP level 8. HP: 5/42 MP: 9/9
  4607 | D:5      | Found Gozag's Platinum Reserve.
  4607 | D:5      | Found an opulent altar of Gozag.
  4646 | D:5      | Became a worshipper of Gozag Ym Sagoz the Greedy
  4945 | D:5      | Found a shadowy altar of Dithmenos.
  4956 | D:5      | Reached skill level 9 in Stealth
  5309 | D:6      | Reached skill level 1 in Evocations
  5417 | D:6      | Reached skill level 5 in Throwing
  5549 | D:6      | Found a transporter.
  5556 | D:6      | Found a transporter.
  5557 | D:6      | Noticed a hippogriff
  5559 | D:6      | Found a hazy altar of Hepliaklqana.
  5565 | D:6      | Found a deep blue altar of Sif Muna.
  5565 | D:6      | Found a white marble altar of Elyvilon.
  5565 | D:6      | Found a basalt altar of Yredelemnul.
  6077 | D:6      | Reached XP level 9. HP: 38/46 MP: 12/12
  6380 | D:6      | Found a glowing golden altar of the Shining One.
  6408 | D:6      | Reached skill level 10 in Stealth
  6480 | D:7      | Found Eleal's Distillery.
  6487 | D:7      | Bought a potion of flight for 45 gold pieces
  6487 | D:7      | Bought a potion of ambrosia for 120 gold pieces
  7066 | D:7      | Reached skill level 5 in Fighting
  7125 | D:7      | Found a sparkling altar of Nemelex Xobeh.
  7223 | D:7      | Found Regig's Armour Shop.
  7628 | D:7      | Found a blossoming altar of Fedhas.
  7732 | D:7      | Found a snail-covered altar of Cheibriados.
  7784 | D:7      | Reached skill level 5 in Evocations
  8020 | D:7      | HP: 1/47 [slime creature (14)]
  8057 | D:7      | Demolished by a slime creature

Skill      XL: |  1  2  3  4  5  6  7  8  9 |
---------------+----------------------------+-----
Dodging        | 2 3 4 6 7 8 |  8.7
Stealth        | 6 7 8 9 10 | 10.9
Fighting       | 2 3 4 5 |  5.2
Short Blades   | 3 4 5 6 7 |  7.0
Throwing       | 3 4 5 6 |  6.2
Evocations     | 3 5 |  5.3

Action                   |  1- 3 |  4- 6 |  7- 9 || total
-------------------------+-------+-------+-------++-------
Melee: Dagger            |   114 |   180 |   393 ||   687
 Fire: Blowgun           |    29 |    44 |   168 ||   241
       Hunting sling     |       |    27 |   154 ||   181
Throw: Stone             |     1 |       |       ||     1
Evoke: Wand              |       |       |     2 ||     2
  Use: Scroll            |     3 |     8 |     6 ||    17
 Stab: Sleeping          |     5 |    12 |    14 ||    31
       Distracted        |       |     1 |     3 ||     4
  Eat: Ration            |       |       |     2 ||     2
Armor: Robe              |    17 |    12 |    16 ||    45
Dodge: Dodged            |   129 |   123 |   269 ||   521
